 Dungeon Crawl Stone Soup version 0.30.0-3-ga4e48a9924 (webtiles) character file.

Game seed: 14637502947823456859

591 Pimp the Chopper (level 7, -6/61 HPs)
             Began as a Hill Orc Fighter on May 7, 2023.
             Mangled by an orc warrior
             ... wielding a +0 trident
              (15 damage)
             ... on level 7 of the Dungeon.
             The game lasted 00:03:50 (2642 turns).

Pimp the Chopper (Hill Orc Fighter)                 Turns: 2642, Time: 00:03:50

Health: -6/61      AC:  8    Str: 21    XL:     7   Next: 39%
Magic:  7/7        EV:  9    Int:  8    God:
Gold:   164        SH:  4    Dex: 10    Spells: 6/6 levels left

rFire   + . .        a - +1 war axe
rCold   . . .        c - +0 buckler
rNeg    . . .        b - +0 scale mail
rPois   .            (no helmet)
rElec   .            (no cloak)
rCorr   .            q - +0 pair of gloves
SInv    .            (no boots)
Will    .....        (no amulet) Stlth
                     i - ring of protection from fire
HPRegen 0.30/turn    (no ring)
MPRegen 0.10/turn

%: no passive effects
@: brilliant, attractive
A: no striking features
a: Convert to Beogh


You were on level 7 of the Dungeon.
You visited 1 branch of the dungeon, and saw 5 of its levels.

You collected 164 gold pieces.

Inventory:

Hand Weapons
 a - a +1 war axe (weapon)
Missiles
 g - a throwing net (quivered)
Armour
 b - a +0 scale mail (worn)
 c - a +0 buckler (worn)
 q - a +0 pair of gloves (worn)
Jewellery
 i - a ring of protection from fire (left hand)
 w - a ring of fire
Wands
 t - a wand of polymorph (7)
Scrolls
 l - a scroll of vulnerability {unknown}
 r - 5 scrolls of teleportation
 s - a scroll of noise {unknown}
 v - 2 scrolls of brand weapon {unknown}
Potions
 d - a potion of might
 e - 2 potions of brilliance
 f - 3 potions of curing
 k - 2 potions of mutation {unknown}
 p - a potion of flight {unknown}
 u - a potion of ambrosia {unknown}


   Skills:
 + Level 5.3 Fighting
 + Level 7.4 Axes
 + Level 4.7 Armour
 + Level 1.2 Dodging
 + Level 0.6 Stealth
 + Level 4.1 Shields


You had 6 spell levels left.
You didn't know any spells.
Your spell library contained the following spells:

 Spells                   Type           Power      Damage    Failure   Level
 Magic Dart               Conj           0%         1d3       80%         1
 Slow                     Hex            0%         N/A       80%         1
 Searing Ray              Conj           0%         2d4       91%         2
 Confusing Touch          Hex            0%         N/A       99%         3
 Vampiric Draining        Necr           0%         2d6       99%         3
 Animate Dead             Necr           0%         N/A       100%        4
 Fulminant Prism          Conj/Hex       0%         3d5       100%        4
 Borgnjor's Vile Clutch   Necr/Erth      0%         N/A       100%        5
 Death Channel            Necr           0%         N/A       100%        6


Dungeon Overview and Level Annotations

Branches:
Dungeon (4/15)
 Temple: D:4-7

Altars:
Yredelemnul


Message History

The orc warrior shoots a bolt.
The bolt hits you!!
As you read the scroll labelled RYSIADW TAGE, it crumbles to dust.
It is a scroll of enchant weapon.
Your +0 war axe glows red for a moment.
You block the orc's attack.
You barely miss the orc priest.
The orc priest shouts, "Surrender to Beogh and we'll let you live!"
You hit the orc. x2; The orc hits you but does no damage.
The orc priest shouts, "Beogh is our master!
Accept the truth or die!"
The orc priest hits you with a +0 mace.
* * * LOW HITPOINT WARNING * * *
The orc closely misses you.
It was a potion of brilliance.
You feel clever all of a sudden. The orc hits you but does no damage.
The orc priest miscasts a cantrip.
The orc hits you but does no damage.
The orc warrior unwields a +0 arbalest.
The orc warrior wields a +0 trident.
The orc warrior hits you but does no damage.
You feel better. You block the orc's attack.
The orc priest hits you but does no damage.
The orc hits you but does no damage. You block the orc warrior's attack.
It was a potion of attraction.
You feel attractive to monsters. The orc hits you but does no damage.
The orc priest looks braver for a moment.
You block the orc's attack.
The orc warrior hits you with a +0 trident.
Unknown command.
You barely miss the orc priest.
You hit the orc warrior but do no damage.
You hit the orc.
You kill the orc!
You closely miss the orc.
The orc priest shouts, "Surrender to Beogh and we'll let you live!"
The orc hits you but does no damage.
The orc priest invokes the aid of Beogh against you.
Beogh smites you!
* * * LOW HITPOINT WARNING * * *
The orc warrior hits you with a +0 trident!
You die...

#..l.......
#.########. #l# . #.#
.. ####.# .## #.zzl#
######.#..
#####.######.......)#
#...........o)o....#
#######......@o###.
#####..............
#............######
##############


You could see an orc warrior, an orc priest and an orc.

Vanquished Creatures
  A water moccasin (D:4)
  A scorpion zombie (D:3)
  4 adders
  An adder zombie (D:3)
  A worm (D:2)
  3 orcs
  2 giant cockroaches (D:1)
  4 hobgoblins
  3 jackals (D:3)
  3 kobolds
  A quokka (D:3)
  2 ball pythons (D:1)
  A ball python zombie (D:3)
  3 bats
  3 frilled lizards (D:2)
  A goblin (D:2)
  A quokka zombie (D:3)
  7 rats
42 creatures vanquished.

Vanquished Creatures (collateral kills)
  Maggie (D:7)
  An ice beast (D:4)
2 creatures vanquished.

Grand Total: 44 creatures vanquished

Notes
Turn   | Place    | Note
-------+----------+-------------------------------------------
     0 | D:1      | Pimp the Hill Orc Fighter began the quest for the Orb.
     0 | D:1      | Reached XP level 1. HP: 19/19 MP: 1/1
    61 | D:1      | Found a faded altar of an unknown god.
   430 | D:1      | Reached XP level 2. HP: 27/27 MP: 2/2
   646 | D:2      | Reached skill level 3 in Axes
   861 | D:2      | Reached XP level 3. HP: 10/33 MP: 3/3
  1588 | D:3      | Reached skill level 4 in Axes
  1763 | D:3      | Reached XP level 4. HP: 28/40 MP: 4/4
  2070 | D:3      | Found a basalt altar of Yredelemnul.
  2286 | D:4      | Noticed a water moccasin
  2293 | D:4      | Killed a water moccasin
  2294 | D:4      | Reached skill level 5 in Axes
  2294 | D:4      | Reached XP level 5. HP: 44/47 MP: 5/5
  2358 | D:4      | Noticed an ice beast
  2369 | D:4      | Killed an ice beast
  2370 | D:4      | Reached skill level 6 in Axes
  2370 | D:4      | Reached XP level 6. HP: 53/53 MP: 6/6
  2580 | D:4      | You fall into a shaft and drop 3 floors!
  2593 | D:7      | Noticed Maggie
  2598 | D:7      | Killed Maggie
  2599 | D:7      | Reached skill level 5 in Fighting
  2599 | D:7      | Reached skill level 7 in Axes
  2599 | D:7      | Reached skill level 1 in Dodging
  2599 | D:7      | Reached XP level 7. HP: 61/61 MP: 7/7
  2642 | D:7      | Mangled by an orc warrior

Illustrated notes

Levels and vault maps discovered:
D:1:      co_arrival_random_square_maze, layout_loops_cross,
          basic_ecumenical_altar
D:2:      layout_loops_ring, minmay_quadrilaterals
D:3:      layout_loops_ring, nicolae_yredelemnul_corpse_copse,
          chequers_serial_rivers_marsh
D:4:      layout_basic, minmay_temple_entry_crystal_x
D:7:      layout_rooms, uniq_crazy_yiuf_cottage, uniq_maggie

Skill      XL: |  1  2  3  4  5  6 |
---------------+-------------------+-----
Axes           | 3 4 5 6 7 |  7.4
Fighting       | 4 5 |  5.3
Armour         | 4 |  4.7
Dodging        | 1 |  1.2
Shields        | 4 |  4.1
Stealth        | |  0.6

Action                     |  1- 3 |  4- 6 |  7- 9 || total
---------------------------+-------+-------+-------++-------
  Melee: War axe           |   116 |    42 |     4 ||   162
    Use: Potion            |     1 |       |     3 ||     4
         Scroll            |       |     7 |     1 ||     8
 Armour: Scale mail        |    61 |    18 |    10 ||    89
  Dodge: Dodged            |    55 |    27 |     1 ||    83
  Block: Buckler           |    27 |     9 |     4 ||    40
